| TOP OF THE 1ST |
|
Fort Myers Palms batting - Pitching for Winter Haven Sun Sox : RHP Rafael Pimentel
|
|
Pitching: RHP Rafael Pimentel
|
|
|
Batting: SHB Porter Wyatt
|
0-0: Swinging Strike 0-1: Ball 1-1: Ball 2-1: TRIPLE (Flyball, 7LD, EV 99.4 MPH)
|
|
Batting: RHB Johnny Evans
|
0-0: Called Strike 0-1: Swinging Strike 0-2: Ball 1-2: Ball 2-2: Strikes out swinging
|
|
Batting: LHB Gus Burgess
|
0-0: Ball 1-0: Foul Ball, location: 2F 1-1: Ground out 4-3 (Groundball, 4, EV 84.4 MPH) Porter Wyatt scores
|
|
Batting: LHB James Atkinson
|
0-0: Swinging Strike 0-1: Ball 1-1: Fly out, F2 (Popup, 25F, EV 84.4 MPH)
|
| Top of the 1st over - 1 run, 1 hit, 0 errors, 0 left on base; Fort Myers 1 - Winter Haven 0 |
| BOTTOM OF THE 1ST |
|
Winter Haven Sun Sox batting - Pitching for Fort Myers Palms : LHP Mel Estrada
|
|
Pitching: LHP Mel Estrada
|
|
|
Batting: LHB Don Carter
|
0-0: Called Strike 0-1: Fly out, F7 (Flyball, 7LM, EV 86.3 MPH)
|
|
Batting: RHB Takashi Upshur
|
0-0: TRIPLE (Line Drive, 9LD, EV 106.3 MPH)
|
|
Batting: RHB Augie Schmidt
|
0-0: Ball 1-0: Ball 2-0: Ball 3-0: Called Strike 3-1: Base on Balls
|
|
Batting: RHB Sam Sorce
|
0-0: Swinging Strike 0-1: Ball 1-1: Ball 2-1: Grounds into double play, 6-4-3 (Groundball, 6, EV 86.3 MPH)
|
| Bottom of the 1st over - 0 runs, 1 hit, 0 errors, 1 left on base; Fort Myers 1 - Winter Haven 0 |
| TOP OF THE 2ND |
|
Fort Myers Palms batting - Pitching for Winter Haven Sun Sox : RHP Rafael Pimentel
|
|
Batting: RHB Lindon Duncan
|
0-0: Called Strike 0-1: Called Strike 0-2: Ball 1-2: Ball 2-2: Strikes out looking
|
|
Batting: RHB Matt Sinatro
|
0-0: Called Strike 0-1: Swinging Strike 0-2: Ball 1-2: Ball 2-2: Strikes out looking
|
|
Batting: RHB Carl Nichols
|
0-0: Called Strike 0-1: Ball 1-1: Ball 2-1: Ball 3-1: Foul Ball, location: 2F 3-2: Foul Ball, location: 2F 3-2: DOUBLE (Flyball, 89D, EV 101.3 MPH)
|
|
Batting: RHB Jim Bishop
|
0-0: Swinging Strike 0-1: Ball 1-1: Swinging Strike 1-2: Ground out U3 (Groundball, 34, EV 105.6 MPH)
|
| Top of the 2nd over - 0 runs, 1 hit, 0 errors, 1 left on base; Fort Myers 1 - Winter Haven 0 |
| BOTTOM OF THE 2ND |
|
Winter Haven Sun Sox batting - Pitching for Fort Myers Palms : LHP Mel Estrada
|
|
Batting: RHB Stephen Rhodes
|
0-0: Ball 1-0: Swinging Strike 1-1: Ball 2-1: Ball 3-1: Called Strike 3-2: Foul Ball, location: 2F 3-2: Base on Balls
|
|
Batting: RHB Domingo Ramos
|
0-0: Ball 1-0: Called Strike 1-1: SINGLE (Groundball, 34D, EV 102.5 MPH) Stephen Rhodes to second Runner from 2nd tries for 3rd, SAFE, throw by RF made to third
|
|
Batting: LHB John Heller
|
0-0: Ball 1-0: Ball 2-0: Reached on error, E6 (Groundball, 6D, EV 103.1 MPH) Stephen Rhodes scores Domingo Ramos to second
|
|
Batting: RHB Jose Marcano
|
0-0: Ball 1-0: Swinging Strike 1-1: Foul Ball, location: 2F 1-2: Fly out, F4 (Line Drive, 4, EV 69.4 MPH)
|
|
Batting: RHB Tony Flores
|
0-0: Called Strike 0-1: Grounds into double play, 4-6-3 (Groundball, 4, EV 83.8 MPH)
|
| Bottom of the 2nd over - 1 run, 1 hit, 1 error, 1 left on base; Fort Myers 1 - Winter Haven 1 |
| TOP OF THE 3RD |
|
Fort Myers Palms batting - Pitching for Winter Haven Sun Sox : RHP Rafael Pimentel
|
|
Batting: RHB Jay Greb
|
0-0: Called Strike 0-1: Swinging Strike 0-2: Fly out, F9 (Flyball, 9, EV 85.6 MPH)
|
|
Batting: SHB Porter Wyatt
|
0-0: Called Strike 0-1: Called Strike 0-2: Ball 1-2: Foul Ball, location: 2F 1-2: Strikes out swinging
|
|
Batting: RHB Johnny Evans
|
0-0: Called Strike 0-1: Reached on error, E4 (Groundball, 4, EV 77.5 MPH)
|
|
Batting: LHB Gus Burgess
|
0-0: Ball 1-0: Ball 2-0: Ball 3-0: Base on Balls
|
|
Batting: LHB James Atkinson
|
0-0: Ball 1-0: Ground out U3 (Groundball, 3L, EV 90.6 MPH)
|
| Top of the 3rd over - 0 runs, 0 hits, 1 error, 2 left on base; Fort Myers 1 - Winter Haven 1 |
| BOTTOM OF THE 3RD |
|
Winter Haven Sun Sox batting - Pitching for Fort Myers Palms : LHP Mel Estrada
|
|
Batting: LHB Don Carter
|
0-0: Ball 1-0: Foul Ball, location: 2F 1-1: Ball 2-1: Ball 3-1: Swinging Strike 3-2: Ground out U3 (Groundball, 3L, EV 89.4 MPH)
|
|
Batting: RHB Takashi Upshur
|
0-0: Ball 1-0: Ball 2-0: Ball 3-0: Base on Balls
|
|
Batting: RHB Augie Schmidt
|
0-0: Ball 1-0: Called Strike 1-1: Swinging Strike 1-2: Ball 2-2: Foul Ball, location: 2F 2-2: Ball 3-2: Foul Ball, location: 2F 3-2: Grounds into double play, 5-4-3 (Groundball, 56, EV 86.3 MPH)
|
| Bottom of the 3rd over - 0 runs, 0 hits, 0 errors, 0 left on base; Fort Myers 1 - Winter Haven 1 |
| TOP OF THE 4TH |
|
Fort Myers Palms batting - Pitching for Winter Haven Sun Sox : RHP Rafael Pimentel
|
|
Batting: RHB Lindon Duncan
|
0-0: Ball 1-0: Called Strike 1-1: Swinging Strike 1-2: Strikes out swinging
|
|
Batting: RHB Matt Sinatro
|
0-0: Swinging Strike 0-1: Ball 1-1: Swinging Strike 1-2: Fly out, F9 (Flyball, 89D, EV 103.8 MPH)
|
|
Batting: RHB Carl Nichols
|
0-0: Called Strike 0-1: Foul Ball, location: 2F 0-2: Foul Ball, location: 2F 0-2: DOUBLE (Line Drive, 89D, EV 97.5 MPH)
|
|
Batting: RHB Jim Bishop
|
0-0: Ball 1-0: Fly out, F8 (Flyball, 8RXD, EV 93.1 MPH)
|
| Top of the 4th over - 0 runs, 1 hit, 0 errors, 1 left on base; Fort Myers 1 - Winter Haven 1 |
| BOTTOM OF THE 4TH |
|
Winter Haven Sun Sox batting - Pitching for Fort Myers Palms : LHP Mel Estrada
|
|
Batting: RHB Sam Sorce
|
0-0: Swinging Strike 0-1: Ball 1-1: Ball 2-1: Ball 3-1: Base on Balls
|
|
Batting: RHB Stephen Rhodes
|
0-0: Ball 1-0: Ball 2-0: Ball 3-0: Base on Balls Sam Sorce to second
|
|
Batting: RHB Domingo Ramos
|
0-0: Ball 1-0: Called Strike 1-1: Fielders Choice at 2nd, 6-4 (Groundball, 6, EV 92.5 MPH) Sam Sorce to third
|
|
Batting: LHB John Heller
|
0-0: Ball 1-0: Swinging Strike 1-1: Called Strike 1-2: Strikes out looking
|
|
Batting: RHB Jose Marcano
|
0-0: Ball 1-0: Fly out, F4 (Popup, 34, EV 66.3 MPH)
|
| Bottom of the 4th over - 0 runs, 0 hits, 0 errors, 2 left on base; Fort Myers 1 - Winter Haven 1 |
| TOP OF THE 5TH |
|
Fort Myers Palms batting - Pitching for Winter Haven Sun Sox : RHP Rafael Pimentel
|
|
Batting: RHB Jay Greb
|
0-0: Foul Ball, location: 2F 0-1: Fly out, F6 (Flyball, 56D, EV 89.4 MPH)
|
|
Batting: SHB Porter Wyatt
|
0-0: Swinging Strike 0-1: Ball 1-1: Foul Ball, location: 2F 1-2: Strikes out swinging
|
|
Batting: RHB Johnny Evans
|
0-0: Ball 1-0: Ball 2-0: Ball 3-0: Called Strike 3-1: Swinging Strike 3-2: Strikes out swinging
|
| Top of the 5th over - 0 runs, 0 hits, 0 errors, 0 left on base; Fort Myers 1 - Winter Haven 1 |
| BOTTOM OF THE 5TH |
|
Winter Haven Sun Sox batting - Pitching for Fort Myers Palms : LHP Mel Estrada
|
|
Batting: RHB Tony Flores
|
0-0: Called Strike 0-1: Ball 1-1: Fly out, F8 (Flyball, 8RS, EV 78.1 MPH)
|
|
Batting: LHB Don Carter
|
0-0: Ball 1-0: Ball 2-0: Called Strike 2-1: Foul Ball, location: 2F 2-2: Ball 3-2: Foul Ball, location: 2F 3-2: Ground out 5-3 (Groundball, 6S, EV 81.9 MPH)
|
|
Batting: RHB Takashi Upshur
|
0-0: Called Strike 0-1: Ball 1-1: Ball 2-1: Ball 3-1: Ground out 6-3 (Groundball, 6, EV 80.6 MPH)
|
| Bottom of the 5th over - 0 runs, 0 hits, 0 errors, 0 left on base; Fort Myers 1 - Winter Haven 1 |
| TOP OF THE 6TH |
|
Fort Myers Palms batting - Pitching for Winter Haven Sun Sox : RHP Rafael Pimentel
|
|
Batting: LHB Gus Burgess
|
0-0: Called Strike 0-1: Ball 1-1: Foul Ball, location: 2F 1-2: Strikes out swinging
|
|
Batting: LHB James Atkinson
|
0-0: Called Strike 0-1: Ball 1-1: Ball 2-1: Foul Ball, location: 2F 2-2: Foul Ball, location: 2F 2-2: Foul Ball, location: 2F 2-2: Fly out, F7 (Flyball, 8LS, EV 92.5 MPH)
|
|
Batting: RHB Lindon Duncan
|
0-0: Ball 1-0: Fly out, F9 (Flyball, 9LD, EV 88.1 MPH)
|
| Top of the 6th over - 0 runs, 0 hits, 0 errors, 0 left on base; Fort Myers 1 - Winter Haven 1 |
| BOTTOM OF THE 6TH |
|
Winter Haven Sun Sox batting - Pitching for Fort Myers Palms : LHP Mel Estrada
|
|
Batting: RHB Augie Schmidt
|
0-0: Called Strike 0-1: Fly out, F7 (Flyball, 7LM, EV 91.9 MPH)
|
|
Batting: RHB Sam Sorce
|
0-0: Called Strike 0-1: Ball 1-1: Ball 2-1: Reached on error, E6 (Groundball, 56, EV 88.1 MPH)
|
|
Batting: RHB Stephen Rhodes
|
0-0: Ball 1-0: Ball 2-0: Ball 3-0: Base on Balls Sam Sorce to second
|
|
Batting: RHB Domingo Ramos
|
0-0: Called Strike 0-1: Ball 1-1: Foul Ball, location: 2F 1-2: Foul Ball, location: 2F 1-2: Fly out, F7 (Flyball, 7S, EV 81.9 MPH)
|
|
Batting: LHB John Heller
|
0-0: Ball 1-0: Foul Ball, location: 2F 1-1: Foul Ball, location: 2F 1-2: Ball 2-2: Ground out 4-3 (Groundball, 4, EV 88.8 MPH)
|
| Bottom of the 6th over - 0 runs, 0 hits, 1 error, 2 left on base; Fort Myers 1 - Winter Haven 1 |
| TOP OF THE 7TH |
|
Fort Myers Palms batting - Pitching for Winter Haven Sun Sox : RHP Rafael Pimentel
|
|
Batting: RHB Matt Sinatro
|
0-0: Called Strike 0-1: Ground out 4-3 (Groundball, 34, EV 83.8 MPH)
|
|
Batting: RHB Carl Nichols
|
0-0: Called Strike 0-1: DOUBLE (Flyball, 8RXD, EV 105.6 MPH)
|
|
Batting: RHB Jim Bishop
|
0-0: Ball 1-0: Called Strike 1-1: Ball 2-1: Swinging Strike 2-2: Foul Ball, location: 2F 2-2: Strikes out looking
|
|
Batting: RHB Jay Greb
|
0-0: Called Strike 0-1: Ball 1-1: Ball 2-1: Foul Ball, location: 2F 2-2: Fly out, F7 (Flyball, 7, EV 85.6 MPH)
|
| Top of the 7th over - 0 runs, 1 hit, 0 errors, 1 left on base; Fort Myers 1 - Winter Haven 1 |
| BOTTOM OF THE 7TH |
|
Winter Haven Sun Sox batting - Pitching for Fort Myers Palms : LHP Mel Estrada
|
|
Batting: RHB Jose Marcano
|
0-0: Ball 1-0: Ball 2-0: Ground out 6-3 (Groundball, 6, EV 94.4 MPH)
|
|
Batting: RHB Tony Flores
|
0-0: Called Strike 0-1: Ball 1-1: Called Strike 1-2: Ground out 4-3 (Groundball, 4, EV 80.6 MPH)
|
|
Batting: LHB Don Carter
|
0-0: Called Strike 0-1: Swinging Strike 0-2: Ball 1-2: Foul Ball, location: 2F 1-2: Ball 2-2: Strikes out swinging
|
| Bottom of the 7th over - 0 runs, 0 hits, 0 errors, 0 left on base; Fort Myers 1 - Winter Haven 1 |
| TOP OF THE 8TH |
|
Fort Myers Palms batting - Pitching for Winter Haven Sun Sox : RHP Rafael Pimentel
|
|
Batting: SHB Porter Wyatt
|
0-0: Ball 1-0: Ball 2-0: Ball 3-0: Swinging Strike 3-1: Fly out, F9 (Flyball, 9LD, EV 97.5 MPH)
|
|
Batting: RHB Johnny Evans
|
0-0: Fly out, F7 (Flyball, 78S, EV 85.6 MPH)
|
|
Batting: LHB Gus Burgess
|
0-0: Called Strike 0-1: Ball 1-1: Ball 2-1: Called Strike 2-2: Strikes out swinging
|
| Top of the 8th over - 0 runs, 0 hits, 0 errors, 0 left on base; Fort Myers 1 - Winter Haven 1 |
| BOTTOM OF THE 8TH |
|
Winter Haven Sun Sox batting - Pitching for Fort Myers Palms : LHP Mel Estrada
|
|
Pitching: RHP Mike Couchee
|
|
|
Batting: RHB Takashi Upshur
|
0-0: Swinging Strike 0-1: Swinging Strike 0-2: Ball 1-2: Strikes out swinging
|
|
Batting: RHB Augie Schmidt
|
0-0: Called Strike 0-1: Ground out 6-3 (Groundball, 6, EV 103.8 MPH)
|
|
Batting: RHB Sam Sorce
|
0-0: Called Strike 0-1: Ball 1-1: Swinging Strike 1-2: Ground out 5-3 (Groundball, 56, EV 90.0 MPH)
|
| Bottom of the 8th over - 0 runs, 0 hits, 0 errors, 0 left on base; Fort Myers 1 - Winter Haven 1 |
| TOP OF THE 9TH |
|
Fort Myers Palms batting - Pitching for Winter Haven Sun Sox : RHP Rafael Pimentel
|
|
Pitching: RHP Brian Monahan
|
|
|
Batting: LHB James Atkinson
|
0-0: Ball 1-0: Foul Ball, location: 2F 1-1: Ball 2-1: Ball 3-1: Base on Balls
|
|
Pinch Hitting: LHB Arthur Carlisi
|
0-0: SINGLE (Line Drive, 9S, EV 96.9 MPH) James Atkinson to second Runner from 2nd tries for 3rd, SAFE, throw by RF made to third
|
|
Batting: RHB Matt Sinatro
|
0-0: Called Strike 0-1: Ball 1-1: Foul Ball, location: 2F 1-2: Foul Ball, location: 2F 1-2: Strikes out swinging
|
|
Batting: RHB Carl Nichols
|
0-0: Ball 1-0: Grounds into double play, 6-4-3 (Groundball, 56, EV 103.8 MPH)
|
| Top of the 9th over - 0 runs, 1 hit, 0 errors, 1 left on base; Fort Myers 1 - Winter Haven 1 |
| BOTTOM OF THE 9TH |
|
Winter Haven Sun Sox batting - Pitching for Fort Myers Palms : RHP Mike Couchee
|
|
Now at 3B: Paul Fryer
|
|
|
Batting: RHB Stephen Rhodes
|
0-0: Called Strike 0-1: Ground out 6-3 (Groundball, 4M, EV 96.3 MPH)
|
|
Pinch Hitting: LHB Charles Melito
|
0-0: Called Strike 0-1: Called Strike 0-2: Foul Ball, location: 2F 0-2: Ball 1-2: Strikes out swinging
|
|
Batting: LHB John Heller
|
0-0: Ball 1-0: Called Strike 1-1: Swinging Strike 1-2: Ball 2-2: Ball 3-2: SINGLE (Line Drive, 7S, EV 95.6 MPH)
|
|
Batting: RHB Jose Marcano
|
0-0: Foul Ball, location: 2F 0-1: DOUBLE (Line Drive, 78D, EV 103.8 MPH) John Heller to third Runner from 3rd tries for Home, SAFE, throw by LF to home
|
| Bottom of the 9th over - 1 run, 2 hits, 0 errors, 0 left on base; Fort Myers 1 - Winter Haven 2 |
|